 Dungeon Crawl Stone Soup version 0.26-a0-612-gd4d190f (webtiles) character file.

Game seed: 18083443331359055103

45875 pkoi the Fencer (level 14, 0/121 HPs)
             Began as a Minotaur Gladiator on Sept 10, 2020.
             Was an Elder of the Shining One.
             Slain by a seven-headed hydra (5 damage)
             ... on level 4 of the Lair of Beasts.
             The game lasted 00:20:53 (17764 turns).

pkoi the Fencer (Minotaur Gladiator)               Turns: 17764, Time: 00:20:53

Health: 0/121      AC: 17    Str: 24    XL:     14   Next: 2%
Magic:  20/20      EV: 12    Int:  5    God:    the Shining One [****..]
Gold:   290        SH:  0    Dex: 14    Spells: 13/13 levels left

rFire    + + .     SeeInvis .   g - +1 great sword (flame)
rCold    . . .     Faith    .   (shield currently unavailable)
rNeg     + + +     Spirit   .   F - +3 chain mail of Fad Ymoe {*Drain rElec rF++ rCorr}
rPois    .         Reflect  .   c - +1 hat
rElec    +         Harm     .   (no cloak)
rCorr    +                      M - +0 pair of gloves (curse)
MR       +....                  (no boots)
Stlth    ..........             N - amulet of Atheism {rN+ Regen+ Str+2}
HPRegen  0.70/turn              m - ring of resist corrosion
MPRegen  0.17/turn              (no ring)

@: about to teleport, glowing
A: retaliatory headbutt, horns 2
a: Divine Shield, Cleansing Flame, Renounce Religion


You were on level 4 of the Lair of Beasts.
You worshipped the Shining One.
The Shining One was greatly pleased with you.
You visited 3 branches of the dungeon, and saw 16 of its levels.
You also visited: Sewer.

You collected 1238 gold pieces.
You spent 948 gold pieces at shops.

Inventory:

Hand Weapons
 a - a +1 long sword
 g - a +1 great sword of flaming (weapon)
Missiles
 d - 3 throwing nets
 f - 7 curare-tipped darts (quivered)
 o - 7 boomerangs
 y - 18 poisoned darts
 I - 15 silver boomerangs
Armour
 c - a +1 hat (worn)
 F - the +3 chain mail of Fad Ymoe (worn) {*Drain rElec rF++ rCorr}
   (You found it on level 7 of the Dungeon)

   It greatly protects you from fire.
   It insulates you from electricity.
   It provides partial protection from all sources of acid and corrosion.
   It causes draining when unequipped.
 M - a cursed +0 pair of gloves (worn)
Jewellery
 e - an uncursed amulet of magic regeneration
 m - a ring of resist corrosion (left hand)
 n - an uncursed ring of ice
 N - the amulet of Atheism (around neck) {rN+ Regen+ Str+2}
   (You bought it in a shop on level 5 of the Dungeon)

   [amulet of regeneration]

   It affects your strength (+2).
   It protects you from negative energy.
   It increases your rate of regeneration.
 O - an uncursed ring of poison resistance {unknown}
 P - an uncursed amulet of the acrobat {unknown}
Wands
 j - a wand of enslavement (8)
 p - a wand of disintegration (4)
 C - a wand of iceblast (22)
 E - a wand of digging (4)
 G - a wand of flame (18)
 Q - a wand of polymorph (7)
 R - a wand of paralysis (11)
Scrolls
 b - 2 scrolls of amnesia
 l - 11 scrolls of identify
 u - 2 scrolls of fog
 v - 7 scrolls of remove curse
 B - 4 scrolls of silence
 D - 2 scrolls of teleportation
 J - a scroll of enchant armour
Potions
 h - 3 potions of berserk rage
 i - 7 potions of stabbing
 k - 4 potions of flight
 q - 4 potions of cancellation
 r - 5 potions of curing
 s - 5 potions of heal wounds
 t - 3 potions of ambrosia
 w - a potion of brilliance
 x - 2 potions of haste
 z - 2 potions of lignification
 A - 4 potions of magic
 H - 4 potions of mutation
 K - a potion of resistance
 L - a potion of might


   Skills:
 + Level 10.3 Fighting
 + Level 17.3 Long Blades
 - Level 5.6 Throwing
 + Level 10.0 Armour
 + Level 6.0 Dodging
 + Level 10.3 Invocations
 - Level 3.0 Evocations


You had 13 spell levels left.
You didn't know any spells.
Your spell library contained the following spells:

 Spells                   Type           Power        Failure   Level
 Beastly Appendage        Tmut           #.....       96%         1
 Corona                   Hex            #......      96%         1
 Foxfire                  Conj/Fire      #...         96%         1
 Shock                    Conj/Air       #...         96%         1
 Sting                    Tmut/Pois      #...         96%         1
 Ensorcelled Hibernation  Hex/Ice        #.....       99%         2
 Swiftness                Air            #.......     99%         2
 Wereblood                Tmut           #.......     99%         2
 Confusing Touch          Hex            #.......     100%        3
 Conjure Flame            Conj/Fire      #.......     100%        3
 Dazzling Flash           Conj/Hex       #.....       100%        3
 Inner Flame              Hex/Fire       #.......     100%        3
 Portal Projectile        Hex/Tloc       #.....       100%        3
 Static Discharge         Conj/Air       #.......     100%        3
 Tukima's Dance           Hex            #.......     100%        3
 Airstrike                Air            #.........   100%        4
 Ice Form                 Ice/Tmut       #.......     100%        4
 Iskenderun's Mystic Bla  Conj/Tloc      #.......     100%        4
 Sticky Flame             Conj/Fire      #.......     100%        4
 Fireball                 Conj/Fire      #.........   100%        5
 Irradiate                Conj/Tmut      #.........   100%        5
 Lightning Bolt           Conj/Air       #.........   100%        5


Dungeon Overview and Level Annotations

Branches:
Dungeon (11/15)            Temple (1/1) D:7            Lair (4/6) D:10
  Swamp (0/4) Lair:2       Spider (0/4) Lair:4          Orc (0/2) D:9
  Sewer (visited)

Altars:
Ashenzari
Cheibriados
Dithmenos
Elyvilon
Fedhas
Gozag
Hepliaklqana
Kikubaaqudgha
Makhleb
Nemelex Xobeh
Okawaru
Qazlal
Ru
Sif Muna
Trog
Uskayaw
Vehumet
Wu Jian
Xom
Yredelemnul
Zin
The Shining One

Shops:
D:5 (=:   D:8 [   D:9 !


Innate Abilities, Weirdness & Mutations

You reflexively headbutt those who attack you in melee.
You have a pair of horns on your head.


Message History

The seven-headed hydra bites you!
* * * LOW HITPOINT WARNING * * *
The seven-headed hydra misses you.
The seven-headed hydra bites you but does no damage. x2
The seven-headed hydra bites you.
* * * LOW HITPOINT WARNING * * *
The seven-headed hydra misses you.
The swamp drake bites you but does no damage.
Unknown command.
As you read the scroll of teleportation, it crumbles to dust.
You feel strangely unstable.
You are engulfed in noxious fumes.
The swamp worm is engulfed in noxious fumes.
The swamp worm appears confused.
The swamp worm is engulfed in noxious fumes.
The swamp worm appears confused.
The swamp worm bites you.
* * * LOW HITPOINT WARNING * * *
The seven-headed hydra barely misses you.
The seven-headed hydra closely misses you.
The seven-headed hydra bites you.
You die...

....#≈#≈≈#≈≈..≈≈.≈≈P.#
##...^....
....≈≈≈≈#≈#≈.≈≈.≈#≈..≈
#P........
....≈≈≈#≈≈≈≈...≈≈≈≈≈≈≈
#.........
....≈≈≈≈#≈#≈≈≈.P#≈≈≈#
##........
....≈##≈≈≈#P≈..≈≈#≈≈≈#
##........
....≈#P#P#≈≈.≈≈#≈≈##≈#
#.........
....≈≈.≈≈.#.≈≈≈≈≈≈≈≈≈#
##........
....#≈≈..#..≈≈°°w°#≈≈#
##........
....#≈P≈..≈.≈≈°°@w≈#≈#
#P.....##.
....≈≈≈≈.≈.≈≈≈≈°kD≈≈##
#.....###.
....≈≈≈≈##≈≈≈≈≈≈≈.≈≈#
#......##.
....≈≈##≈≈≈≈≈#≈≈≈#≈≈#
##.....###
....#≈≈≈≈≈≈≈≈≈≈#≈≈}(≈#
#........
....≈≈≈≈#≈≈≈##≈≈#≈≈#≈#
##.......# ....≈#≈≈≈##
≈#≈ ≈≈≈≈###.........
....≈≈≈### ≈≈≈#
#≈≈≈##..........
....≈≈≈# ##.......(.


You could see a seven-headed hydra, 2 swamp worms and a swamp drake (catching
breath).

Vanquished Creatures
  5 hydras
  A two-headed ogre (D:9)
  An alligator (Lair:4)
  Pikel (D:4)
  A black mamba (Lair:4)
  Joseph (D:8)
  6 cane toads
  A gargoyle (D:10)
  A centaur skeleton (D:11)
  A rime drake (Lair:4)
  A troll (D:7)
  2 polar bears (Lair:4)
  A tyrant leech (Lair:2)
  2 hornets
  3 slime creatures
  Prince Ribbit (D:7)
  22 blink frogs
  6 hippogriffs
  3 redbacks (Lair:4)
  2 wyverns
  11 yaks
  2 basilisks
  A steam dragon (Lair:3)
  Menkaure (D:5)
  A vampire mosquito (Lair:4)
  Edmund (D:6)
  3 swamp worms
  Duvessa (D:6)
  An acid dragon (D:11)
  10 water moccasins
  3 porcupines
  A hornet zombie (D:9)
  4 sky beasts
  A black bear (D:9)
  A phantom (D:9)
  3 ice beasts
  Purgy (Sewer)
  5 ogres
  9 orc warriors
  3 wolves
  7 centaurs
  7 necrophages (D:10)
  2 lemures (D:4)
  8 crocodiles
  4 big kobolds
  Blork the orc (D:6)
  6 bullfrogs
  Dowan (D:6)
  A scorpion (D:10)
  8 wights
  5 howler monkeys
  An electric eel (Lair:1)
  A bullfrog zombie (D:10)
  3 centaur zombies
  A quasit (D:6)
  7 orc priests
  3 hounds
  An iron imp (D:7)
  3 jellies
  12 orc wizards
  Jessica (D:2)
  3 iguanas
  2 hell rats (Lair:3)
  4 worker ants
  2 hound skeletons
  2 hound zombies
  A mummy (D:10)
  8 adders
  12 river rats (Lair:3)
  3 shadow imps
  3 white imps
  2 ufetubi
  An adder skeleton (D:6)
  2 adder zombies
  A worm (D:3)
  3 dart slugs
  9 leopard geckos
  57 orcs
  11 bats
  4 giant cockroaches
  12 hobgoblins
  5 jackals
  7 quokkas
  A ball python (D:2)
  5 frilled lizards
  10 goblins
  20 kobolds
  2 quokka skeletons
  7 rats
407 creatures vanquished.

Vanquished Creatures (others)
  5 dream sheep (Lair:2)
  A human (D:10)
  A leopard gecko (D:6)
  13 fungi
  17 plants
  5 withered plants (D:10)
42 creatures vanquished.

Grand Total: 449 creatures vanquished

Notes
Turn   | Place    | Note
-------+----------+-------------------------------------------
     0 | D:1      | pkoi the Minotaur Gladiator began the quest for the Orb.
     0 | D:1      | Reached XP level 1. HP: 18/18 MP: 0/0
    70 | D:1      | Reached skill level 4 in Long Blades
    78 | D:1      | Reached XP level 2. HP: 17/25 MP: 1/1
   668 | D:1      | Reached skill level 5 in Long Blades
   751 | D:1      | Reached XP level 3. HP: 22/30 MP: 2/2
   979 | D:2      | Noticed Jessica
   981 | D:2      | Found a white marble altar of Elyvilon.
   984 | D:2      | Killed Jessica
  1193 | D:2      | Reached skill level 6 in Long Blades
  1193 | D:2      | Reached XP level 4. HP: 25/37 MP: 3/3
  1625 | D:3      | Found a sacrificial altar of Ru.
  1704 | D:3      | Found a faded altar of an unknown god.
  1975 | D:3      | Reached XP level 5. HP: 42/42 MP: 4/4
  1979 | D:3      | Reached skill level 7 in Long Blades
  2478 | D:3      | Reached skill level 8 in Long Blades
  2478 | D:3      | Reached XP level 6. HP: 50/50 MP: 5/5
  2627 | D:4      | Found a radiant altar of Vehumet.
  2627 | D:4      | Found a shimmering altar of Xom.
  2662 | D:4      | Found a shattered altar of Ashenzari.
  2668 | D:4      | Noticed Pikel
  2702 | D:4      | Killed Pikel
  2702 | D:4      | Reached skill level 10 in Long Blades
  2702 | D:4      | Reached XP level 7. HP: 14/56 MP: 6/6
  3126 | D:4      | Found a glowing drain.
  3135 | Sewer    | Entered a sewer
  3254 | Sewer    | Noticed Purgy
  3267 | Sewer    | Killed Purgy
  3267 | Sewer    | Reached skill level 11 in Long Blades
  3745 | D:5      | Entered Level 5 of the Dungeon
  3760 | D:5      | Found Gogez's Book Boutique.
  3769 | D:5      | Found Foro's Jewellery Boutique.
  3777 | D:5      | Bought a cursed ring of attention for 49 gold pieces
  4126 | D:5      | Found a white marble altar of Elyvilon.
  4269 | D:5      | Found Bub Zivu's Weapon Shop.
  4392 | D:5      | Reached XP level 8. HP: 54/62 MP: 7/7
  4782 | D:6      | Noticed Edmund
  4782 | D:6      | Noticed Menkaure
  4782 | D:6      | Noticed Dowan
  4787 | D:5      | HP: 3/62 [yak (3)]
  4787 | D:5      | HP: 1/62 [Menkaure (2)]
  5147 | D:6      | Reached skill level 12 in Long Blades
  5147 | D:6      | Noticed Blork the orc
  5152 | D:6      | Noticed Duvessa
  5582 | D:6      | Killed Duvessa
  5594 | D:6      | Killed Blork the orc
  5594 | D:6      | Reached skill level 13 in Long Blades
  5601 | D:6      | Killed Dowan
  5711 | D:6      | Killed Edmund
  5994 | D:6      | Reached XP level 9. HP: 68/68 MP: 8/8
  6041 | D:6      | Reached skill level 14 in Long Blades
  6538 | D:5      | Killed Menkaure
  6538 | D:5      | Reached skill level 15 in Long Blades
  7102 | D:7      | Reached skill level 1 in Armour
  7252 | D:7      | Identified the Incunabulum of Dislocation and Shape
                  | Shifting
  7303 | D:7      | Reached skill level 1 in Evocations
  7609 | D:7      | Found a staircase to the Ecumenical Temple.
  7618 | Temple   | Entered the Ecumenical Temple
  7885 | Temple   | Became a worshipper of the Shining One
  7923 | D:7      | Noticed Prince Ribbit
  7940 | D:7      | Killed Prince Ribbit
  8200 | D:7      | Got a faintly humming chain mail
  8204 | D:7      | Identified the +3 chain mail of Fad Ymoe {*Drain rElec rF++
                  | rCorr} (You found it on level 7 of the Dungeon)
  8421 | D:7      | Found a shadowy altar of Dithmenos.
  8424 | D:7      | Reached XP level 10. HP: 74/78 MP: 9/9
  8500 | D:7      | Found a snail-covered altar of Cheibriados.
  8841 | D:8      | Noticed Joseph
  9134 | D:8      | Killed Joseph
  9134 | D:8      | Reached skill level 1 in Invocations
  9406 | D:8      | Found an iron altar of Okawaru.
  9440 | D:8      | Reached * piety under the Shining One
  9563 | D:8      | Found Eruffe's Armour Shop.
  9649 | D:8      | Reached skill level 5 in Dodging
  9763 | D:8      | Found a hide-covered altar of Uskayaw.
  9947 | D:9      | Found a staircase to the Orcish Mines.
 10035 | D:9      | Found Jibaaxt's Distillery.
 10059 | D:9      | Bought a potion of degeneration for 16 gold pieces
 10059 | D:9      | Bought a potion of berserk rage for 80 gold pieces
 10059 | D:9      | Bought a potion of curing for 48 gold pieces
 10059 | D:9      | Bought 2 potions of mutation for 256 gold pieces
 10087 | D:9      | Identified a scroll of acquirement
 10087 | D:9      | Acquired a +1 great sword of flaming
 10118 | D:9      | Reached skill level 5 in Fighting
 10222 | D:9      | Reached ** piety under the Shining One
 10345 | D:9      | Noticed a two-headed ogre
 10347 | D:9      | Killed a two-headed ogre
 10371 | D:9      | Reached skill level 5 in Armour
 10556 | D:9      | Reached XP level 11. HP: 82/89 MP: 12/12
 10895 | D:10     | Entered Level 10 of the Dungeon
 11044 | D:10     | Reached skill level 5 in Throwing
 11162 | D:10     | Reached *** piety under the Shining One
 11592 | D:10     | Found a staircase to the Lair.
 11607 | D:10     | Found an ancient bone altar of Kikubaaqudgha.
 11999 | D:11     | Reached **** piety under the Shining One
 11999 | D:11     | Reached skill level 16 in Long Blades
 12677 | Lair:1   | Entered Level 1 of the Lair of Beasts
 12939 | Lair:1   | Reached skill level 5 in Invocations
 12950 | Lair:1   | Noticed a five-headed hydra
 12958 | Lair:1   | Killed a two-headed hydra
 13007 | Lair:1   | Noticed an eight-headed hydra
 13013 | Lair:1   | Killed a five-headed hydra
 13145 | Lair:1   | Found a white marble altar of Elyvilon.
 13515 | Lair:1   | Noticed an eight-headed hydra
 13521 | Lair:1   | Killed a five-headed hydra
 13521 | Lair:1   | Reached XP level 12. HP: 49/101 MP: 15/15
 14592 | Lair:2   | Noticed a five-headed hydra
 14596 | Lair:2   | Noticed a seven-headed hydra
 14609 | Lair:2   | Killed a one-headed hydra
 14613 | Lair:2   | Killed a three-headed hydra
 15066 | D:5      | Bought the amulet of Atheism {rN+ Regen+ Str+2} for 499
                  | gold pieces
 15400 | Lair:2   | Found a shimmering altar of Xom.
 15556 | Lair:2   | Found a staircase to the Swamp.
 15866 | Lair:3   | Reached skill level 17 in Long Blades
 16719 | Lair:4   | Found a hole to the Spider Nest.
 16844 | Lair:4   | Reached skill level 10 in Fighting
 17301 | Lair:4   | Reached skill level 10 in Invocations
 17301 | Lair:4   | Reached XP level 13. HP: 113/113 MP: 16/19
 17630 | Lair:4   | Reached skill level 10 in Armour
 17630 | Lair:4   | Reached XP level 14. HP: 90/121 MP: 20/20
 17764 | Lair:4   | HP: 5/121 [swamp worm (5)]
 17764 | Lair:4   | Slain by a seven-headed hydra

Illustrated notes

Levels and vault maps discovered:
D:1:      matt_arrival_grand_opening, layout_loops_ring, kennysheep_boxes
D:2:      layout_rooms, elyvilon_altar_1, uniq_jessica
D:3:      minmay_diamond_boxcup, layout_loops_ring,
          chequers_ecumenical_altar_twisty, minmay_crystal_room,
          nicolae_ru_sacrificial_ziggurat
D:4:      layout_loops_ring, cheibrodos_ashenzari_chains,
          gammafunk_temple_overflow_elements, portal_sewer_entry_d,
          small_statue_intersection, dk_vineyard_1, uniq_pikel
D:5:      cheibrodos_thug_alley, layout_loops_corners, kennysheep_mini_moat,
          serial_shops, nicolae_shop_trees, shop, shop, serial_glass,
          glass_columns_a, glass_columns_b, minmay_strange_pillars,
          due_unseen_surprise, minmay_strange_pillars
D:6:      layout_rooms, roderic_malta_cross, st_stairs_6, uniq_edmund,
          uniq_menkaure, uniq_duvessa, uniq_blork_the_orc
D:7:      cheibrodos_fzero, layout_basic, slow_altar_2,
          nicolae_dithmenos_shadow_blocks, minmay_temple_entry_fiery,
          uniq_prince_ribbit1
D:8:      layout_cave_pools, overflow_temple_1_default, lemuel_crystal_altar,
          serial_shops, shop, uniq_joseph
D:9:      layout_small_grid, orc_0_dummy, serial_shops, shop,
          minmay_unpleasant_kobolds
D:10:     layout_stronghold, lair_entry_dummy, serial_undead, serial_undead_c,
          serial_undead_e, serial_undead_f, serial_undead_a, serial_undead_b,
          serial_undead_f, minmay_misc_feat_chi, st_stairs_14,
          wad_floor_pattern_untrapped, tgw_kikubaaqudgha
D:11:     layout_loops_ring, corexii_corridor_pit, serial_bayou_pond_e
Temple:   dpeg_chambers_temple
Lair:1:   layout_chaotic_city, basic_altar, chequers_serial_rivers_room_b,
          grunt_megastairs_1, serial_bayou_shore_a
Lair:2:   layout_loops_ring, palyth_hydra_swamp_entry, kb_xom_exploding_sheep
Lair:3:   layout_chaotic_city, kennysheep_rathole, grunt_megastairs_3
Lair:4:   onia_ninara_swampy_vault, layout_big_grid, spider_nest_entry_webs,
          beast_lair_carwin_6

Skill      XL: |  1  2  3  4  5  6  7  8  9 10 11 12 13 |
---------------+----------------------------------------+-----
Long Blades    | 4 5 6 8 10 11 13 15 16 17 | 17.3
Armour         | 2 5 7 9 10 | 10.0
Fighting       | 3 5 8 10 | 10.3
Evocations     | 2 3 |  3.0
Dodging        | 4 6 |  6.0
Throwing       | 3 4 5 |  5.6
Invocations    | 3 5 10 | 10.3

Action                   |  1- 3 |  4- 6 |  7- 9 | 10-12 | 13-15 || total
-------------------------+-------+-------+-------+-------+-------++-------
Melee: Long sword        |    69 |   127 |   296 |   140 |       ||   632
       Headbutt          |     7 |    24 |    69 |   124 |    11 ||   235
       Great sword       |       |       |       |   378 |    30 ||   408
Throw: Dart              |       |     1 |     4 |     1 |       ||     6
Evoke: Wand              |       |       |    12 |       |       ||    12
  Use: Scroll            |     3 |     2 |     8 |     9 |     1 ||    23
       Potion            |       |       |     2 |     7 |       ||     9
Armor: Leather armour    |     3 |       |       |       |       ||     3
       Chain mail        |    31 |    62 |   143 |   275 |    29 ||   540
Dodge: Dodged            |    34 |    47 |   116 |   273 |    32 ||   502
       Rpst.: Long sword |    11 |    14 |    31 |    12 |       ||    68
       Great sword       |       |       |       |    60 |     6 ||    66

Table legend: (Time is in decaauts)
 A = Elapsed time spent in this place.
 B = Non-inter-level travel time spent in this place.
 C = Inter-level travel time spent in this place.
 D = Time resting spent in this place.
 E = Time spent auto-exploring this place.
 F = Levels seen in this place.
 G = Mean time per level.
                   A        B        C        D        E       F      G
               +--------+--------+--------+--------+--------+-----+--------+
         Total |  17699 |  16945 |    754 |   4197 |  10110 |  17 | 1041.1 |
       Dungeon |  12510 |  11953 |    557 |   3088 |   6912 |  11 | 1137.3 |
        Temple |    280 |    267 |     13 |      0 |    189 |   1 |  280.0 |
          Lair |   4675 |   4491 |    184 |   1020 |   2894 |   4 | 1168.8 |
         Sewer |    232 |    232 |      0 |     89 |    115 |   1 |  232.0 |
               +--------+--------+--------+--------+--------+-----+--------+

Top non-repeatable levels by time:
     D:5: 2314 daAuts
     D:7: 1548 daAuts
    D:10: 1351 daAuts
  Lair:1: 1302 daAuts
  Lair:2: 1283 daAuts
     D:6: 1137 daAuts
     D:4: 1118 daAuts
  Lair:3: 1048 daAuts
  Lair:4: 1041 daAuts
     D:3: 1010 daAuts
     D:9: 994 daAuts
     D:1: 975 daAuts
     D:8: 762 daAuts
    D:11: 699 daAuts
     D:2: 596 daAuts
